 Dungeon Crawl Stone Soup version 0.30.1-9-gdf580d7c3d (webtiles) character file.

Game seed: 12111605651429902053

131 Zalbag the Shield-Bearer (level 4, -1/39 HPs)
             Began as an Armataur Fighter on Oct 19, 2023.
             Slain by an ogre
             ... wielding a +0 giant club
              (15 damage)
             ... on level 3 of the Dungeon.
             The game lasted 00:07:00 (2564 turns).

Zalbag the Shield-Bearer (Armataur Fighter)         Turns: 2564, Time: 00:07:01

Health: -1/39      AC:  8    Str: 22    XL:     4   Next: 91%
Magic:  4/4        EV:  7    Int:  8    God:
Gold:   122        SH:  4    Dex: 11    Spells: 3/3 levels left

rFire   . . .        t - +1 dagger (freeze)
rCold   . . .        c - +0 buckler
rNeg    . . .        b - +0 scale mail
rPois   .            (no helmet)
rElec   .            h - +0 cloak
rCorr   .            (no gloves)
SInv    .            (no barding)
Will    .....        (no amulet) Stlth
                     (no ring)
HPRegen 0.26/turn    (no ring)
MPRegen 0.09/turn

%: roll
@: no status effects
A: large, rugged brown scales 3, deformed body, armoured tail, roll, long
tongue, awkward tongue
a: no special abilities


You were on level 3 of the Dungeon.
You visited 1 branch of the dungeon, and saw 3 of its levels.

You collected 122 gold pieces.

Inventory:

Hand Weapons
 a - a +0 long sword
 f - a +1 dagger of speed
 t - a +1 dagger of freezing (weapon)
Missiles
 j - a silver javelin (quivered)
Armour
 b - a +0 scale mail (worn)
 c - a +0 buckler (worn)
 h - a +0 cloak (worn)
Wands
 q - a wand of mindburst (2)
Scrolls
 m - a scroll of teleportation {unknown}
 n - 2 scrolls of fog {unknown}
 p - a scroll of identify {unknown}
 r - a scroll of summoning {unknown}
 s - a scroll of amnesia {unknown}
Potions
 d - 2 potions of might
 e - 2 potions of lignification
 g - a potion of brilliance {unknown}
 i - a potion of flight
 k - 2 potions of attraction {unknown}
 l - a potion of cancellation {unknown}
 o - a potion of curing


   Skills:
 - Level 2.6 Fighting
 + Level 1.2(2.3) Short Blades
 - Level 3.0(3.1) Long Blades
 - Level 3.6 Armour
 + Level 1.0 Dodging
 + Level 1.8 Stealth
 + Level 4.2 Shields


You had 3 spell levels left.
You didn't know any spells.
Your spell library contained the following spells:

 Spells                   Type           Power      Damage    Failure   Level
 Cigotuvi's Dreadful Rot  Necr/Pois/Air  0%         N/A       90%         2
 Dispel Undead            Necr           0%         3d6       100%        4
 Death Channel            Necr           0%         N/A       100%        6


Dungeon Overview and Level Annotations

Branches:
Dungeon (3/15)

Altars:
Ru


Innate Abilities, Weirdness & Mutations

You are completely covered in rugged brown scales. (AC +3, +7% HP)
Armour fits poorly on your strangely shaped body.
You have a long armoured tail.
You roll when moving toward enemies. (Rampage)
Your long tongue fully drains potion bottles. (2x potion effects)
Your tongue gives you trouble enunciating. (1.5x scroll delay)


Message History

An ogre and a worm come into view.
There are monsters nearby!
There are monsters nearby!
There are monsters nearby!
Unknown command.
Throw: 4 javelins (silver)
Press: ? - help, Q - select action, (/) - cycle Shift-Dir - straight line, f - ogre
Aim: an ogre, wielding a +0 giant club (72% to hit)
You throw a silver javelin.
The silver javelin barely misses the ogre.
Unknown command.
Throw: 3 javelins (silver)
Press: ? - help, Q - select action, (/) - cycle Shift-Dir - straight line, f/p - ogre
Aim: an ogre, wielding a +0 giant club (72% to hit)
You throw a silver javelin.
The silver javelin pierces through the ogre.
The ogre is lightly wounded.
Throw: 2 javelins (silver)
Press: ? - help, Q - select action, (/) - cycle Shift-Dir - straight line, f/p - ogre
Aim: an ogre, wielding a +0 giant club (lightly wounded, 72% to hit)
You throw a silver javelin.
The silver javelin pierces through the ogre!
The ogre is heavily wounded.
The silver javelin barely misses the worm.
You hit the ogre but do no damage. You tail-slap the ogre!
The ogre is almost dead.
You hit the ogre but do no damage.
The ogre is almost dead.
The ogre hits you with a +0 giant club!!
Ouch! That really hurt!
Unknown command.
You barely miss the ogre.
The ogre is almost dead.
The ogre closely misses you.
You closely miss the ogre.
The ogre is almost dead.
You completely miss the ogre.
The ogre is almost dead.
The ogre hits you with a +0 giant club!
You die...

## .
(.8######
#(....w.###
##
#(....O@'.#
.#
..8######.#
## #..#
#.## #.# ##
#.# .## ###
##### #.#
#.###.#
#...# #.#
#...#.#
#.#.# #.#


You could see an ogre and a worm.

Vanquished Creatures
  2 orc wizards (D:3)
  An adder (D:2)
  A worm (D:2)
  2 dart slugs
  5 orcs (D:3)
  3 endoplasms (D:1)
  4 giant cockroaches
  3 goblins
  9 hobgoblins
  5 kobolds
  3 quokkas
  6 ball pythons
  7 bats
  5 frilled lizards
  4 rats
60 creatures vanquished.

Notes
Turn   | Place    | Note
-------+----------+-------------------------------------------
     0 | D:1      | Zalbag the Armataur Fighter began the quest for the Orb.
     0 | D:1      | Reached XP level 1. HP: 19/19 MP: 1/1
   128 | D:1      | Reached XP level 2. HP: 26/26 MP: 2/2
   570 | D:1      | Reached XP level 3. HP: 30/32 MP: 3/3
  1318 | D:2      | Reached skill level 4 in Shields
  1842 | D:3      | Found a sacrificial altar of Ru.
  1879 | D:3      | Reached skill level 1 in Stealth
  1879 | D:3      | Reached XP level 4. HP: 10/39 MP: 4/4
  1880 | D:3      | Reached skill level 1 in Short Blades
  2063 | D:3      | HP: 2/58 [something/puff of flame (6)]
  2084 | D:3      | Reached skill level 1 in Dodging
  2307 | D:3      | Identified the +1 flail of Yesterday {heavy, Int+5}
  2556 | D:3      | Noticed an ogre
  2564 | D:3      | Slain by an ogre

Illustrated notes

Levels and vault maps discovered:
D:1:      sevenhm_arrival_forest_fort_small_5, layout_loops_ring,
          chequers_serial_rivers_large_a, minmay_pentomino_v4
D:2:      layout_basic
D:3:      minmay_chambers_of_twos, layout_loops_ring,
          mainiacjoe_overflow_chevrons, columned_hall_lemuel

Skill      XL: |  1  2  3  4 |
---------------+-------------+-----
Long Blades    | 2 3 |  3.0
Shields        | 4 |  4.2
Stealth        | 1 |  1.8
Short Blades   | 1 |  1.2
Dodging        | 1 |  1.0
Fighting       | |  2.6
Armour         | |  3.6

Action                     |  1- 3 |  4- 6 || total
---------------------------+-------+-------++-------
  Melee: Long sword        |   136 |    53 ||   189
         Tailslap          |    12 |     4 ||    16
         Dagger            |       |    11 ||    11
  Throw: Javelin           |       |     3 ||     3
    Use: Potion            |       |     3 ||     3
 Armour: Scale mail        |    76 |    13 ||    89
         Skin              |       |    34 ||    34
  Dodge: Dodged            |    30 |    14 ||    44
  Block: Buckler           |    31 |     6 ||    37
